 Dungeon Crawl Stone Soup version 0.24.0-13-gcf9b3192b9 (webtiles) character file.

Game seed: 8841971798068135169, levelgen mode: deterministic

80 tilp the Changer (level 4, -11/28 HPs)
             Began as an Octopode Transmuter on Nov 8, 2019.
             Killed by divine providence
             ... invoked by an orc priest
              (14 damage)
             ... on level 3 of the Dungeon.
             The game lasted 00:05:11 (2568 turns).

tilp the Changer (Octopode Transmuter)              Turns: 2568, Time: 00:05:11

Health: -11/28     AC:  2    Str:  8 (9)  XL:     4   Next: 39%
Magic:  4/7        EV: 19    Int: 13 (16) God:
Gold:   76         SH:  0    Dex: 16 (17) Spells: 1/7 levels left

rFire    . . .     SeeInvis .     - Unarmed
rCold    . . .     Gourm    .   (shield currently unavailable)
rNeg     . . .     Faith    .   (helmet currently unavailable)
rPois    x         Spirit   .   (no amulet)
rElec    .         Reflect  .   (no ring)
rCorr    .         Harm     .   (no ring)
MR       .....                  (no ring)
Stlth    +.........             (no ring)
HPRegen  0.09/turn              (no ring)
MPRegen  0.10/turn              (no ring)
                                (no ring)
                                (no ring)

@: spider-form (expiring)
A: tiny, almost no armour, stealthy swim, (amphibious), 8 rings, (constrict 8)
a: End Transformation


You were on level 3 of the Dungeon.
You were hungry.
You were a venomous arachnid creature.
You visited 1 branch of the dungeon, and saw 3 of its levels.

You collected 76 gold pieces.

Inventory:

Hand Weapons
 e - a +0 hunting sling
Missiles
 a - 26 arrows
 b - 56 stones (quivered)
 g - 12 sling bullets
Armour
 l - a +2 shield
Jewellery
 j - a cursed ring of teleportation {unknown}
Scrolls
 d - a scroll of fear {unknown}
 h - 3 scrolls of teleportation
 n - a scroll of identify {unknown}
 o - a scroll of amnesia {unknown}
 q - a scroll of magic mapping {unknown}
Potions
 k - a potion of brilliance
Comestibles
 c - 2 rations


   Skills:
 - Level 1.0 Fighting
 - Level 2.0 Dodging
 - Level 3.0 Unarmed Combat
 - Level 2.0 Spellcasting
 + Level 4.5 Transmutations


You had one spell level left.
You knew the following spells:

 Your Spells              Type           Power        Failure   Level  Hunger
a - Beastly Appendage     Tmut           ##....       13%         1    ##.....
b - Sticks to Snakes      Tmut           ##......     17%         2    ###....
c - Spider Form           Tmut/Pois      #.........   52%         3    ####...

Your spell library contained the following spells:

 Spells                   Type           Power        Failure   Level  Hunger
 Ice Form                 Ice/Tmut       #.......     86%         4    #####..
 Blade Hands              Tmut           ##........   88%         5    ######.


Dungeon Overview and Level Annotations

Branches:
Dungeon (3/15)

Altars:
Vehumet


Innate Abilities, Weirdness & Mutations

You cannot wear most types of armour.
You are very stealthy in the water. (Stealth+)
((You are amphibious.))
You can wear up to eight rings at the same time.
((You can use your tentacles to constrict eight enemies at once.))
((Your skin changes colour to match your surroundings (Stealth+).))
((Your rubbery body absorbs attacks. (AC +1, EV +1)))


Message History

Items here: )) [ † a +0 club; a +0 hand axe; a +0 chain mail; an orc corpse You closely miss the orc priest.
An ooze comes into view.
The orc priest invokes the aid of Beogh against you.
Beogh smites you!
* * * LOW HITPOINT WARNING * * *
The orc priest closely misses you.
You hit the orc priest.
The orc priest is poisoned.
The orc priest is lightly wounded.
Your transformation is almost over.
The orc priest calls down the wrath of Beogh upon you.
You barely resist. You hit the orc priest.
The orc priest is poisoned.
The orc priest is lightly wounded.
The orc priest barely misses you.
The orc priest calls down the wrath of Beogh upon you.
Beogh smites you!
Ouch! That really hurt!
You die...

..#.#.. ###
#.#...####...
#J.........#
#.........###
##............
#. #o......#
###. #o..÷<.?##.
#...##)o........
#.##>s.......##≈
#...†........#
#..#..########
#..#<## ... #.#
###. #.# # #.#
#.# #.#


You could see 2 orc priests and an orc.

Vanquished Creatures
  2 adders (D:2)
  A worm (D:2)
  3 dart slugs
  2 leopard geckos (D:3)
  2 orcs (D:3)
  4 bats (D:1)
  2 giant cockroaches (D:2)
  4 goblins (D:1)
  5 hobgoblins
  8 jackals
  2 kobolds
  2 ball pythons (D:1)
  2 frilled lizards
  5 rats
44 creatures vanquished.

Notes
Turn   | Place    | Note
-------+----------+-------------------------------------------
     0 | D:1      | tilp the Octopode Transmuter began the quest for the Orb.
     0 | D:1      | Reached XP level 1. HP: 13/13 MP: 3/3
   163 | D:1      | Reached XP level 2. HP: 15/18 MP: 3/5
   167 | D:1      | Learned a level 2 spell: Sticks to Snakes
   252 | D:1      | Reached skill level 3 in Transmutations
   732 | D:1      | Reached XP level 3. HP: 15/23 MP: 4/6
  1192 | D:2      | Found a radiant altar of Vehumet.
  1612 | D:2      | Learned a level 3 spell: Spider Form
  1629 | D:2      | Reached skill level 4 in Transmutations
  1902 | D:2      | Reached XP level 4. HP: 25/28 MP: 5/7
  2264 | D:3      | HP: 1/28 [jackal (2)]
  2568 | D:3      | Killed from afar by an orc priest

Levels and vault maps discovered:
D:1:      lightli_arrival_lavapool, layout_basic
D:2:      layout_basic, vehumet_crystals
D:3:      layout_rooms, serial_rivers, chequers_serial_rivers_small_b,
          chequers_serial_rivers_micro_d, chequers_serial_rivers_small_3,
          chequers_serial_rivers_micro_d, chequers_serial_rivers_micro_a,
          chequers_serial_rivers_micro_e, first_ration

Skill      XL: |  1  2  3 |
---------------+----------+-----
Transmutations | 3 4 |  4.5
Fighting       | |  1.0
Dodging        | |  2.0
Unarmed Combat | |  3.0
Spellcasting   | |  2.0

Action                   |  1- 3 |  4- 6 || total
-------------------------+-------+-------++-------
Melee: Unarmed           |    69 |    33 ||   102
       Kick              |    17 |     2 ||    19
       Tentacles         |    15 |     2 ||    17
       Constrict         |    22 |     5 ||    27
       Punch             |     2 |     1 ||     3
Throw: Stone             |     1 |       ||     1
 Cast: Beastly Appendage |    22 |     5 ||    27
       Spider Form       |       |     1 ||     1
  Use: Potion            |       |     4 ||     4
       Scroll            |       |     1 ||     1
 Stab: Sleeping          |     8 |     1 ||     9
  Eat: Chunk             |     3 |     2 ||     5
Armor: Skin              |     4 |    11 ||    15
Dodge: Dodged            |    40 |    22 ||    62
